 Dungeon Crawl Stone Soup version 0.29-a0-323-g050149af67 (webtiles) character file.

Game seed: 10486425416945893328

81 GigaChad the Slasher (level 4, -3/36 HPs)
             Began as a Demonspawn Chaos Knight on Apr 11, 2022.
             Was a Plaything of Xom.
             Slain by a hobgoblin (5 damage)
             ... led by Robin
             ... on level 3 of the Dungeon.
             The game lasted 00:05:19 (1646 turns).

GigaChad the Slasher (Demonspawn Chaos Knight)      Turns: 1646, Time: 00:05:20

Health: -3/36      AC:  8    Str: 13    XL:     4   Next: 19%
Magic:  4/4        EV:  6    Int: 13    God:    Xom [..*...]
Gold:   58         SH:  0    Dex: 14    Spells: 3/3 levels left

rFire   x . .      SeeInvis .   a - +0 falchion (chaos)
rCold   + . .      Faith    .   (no shield)
rNeg    . . .      Spirit   .   l - +0 chain mail
rPois   .          Reflect  .   (no helmet)
rElec   .          Harm     .   (no cloak)
rCorr   .          Rampage  .   (no gloves)
Will    .....                   (no boots)
Stlth   ..........              g - amulet of magic regeneration
HPRegen 0.12/turn               p - ring of ice
MPRegen 0.58/turn               (no ring)

@: no status effects
A: demonic guardian 2, magic regeneration
a: Renounce Religion


You were on level 3 of the Dungeon.
You worshipped Xom.
You were a toy of Xom.
You visited 1 branch of the dungeon, and saw 3 of its levels.

You collected 58 gold pieces.

Inventory:

Hand Weapons
 a - a +0 falchion of chaos (weapon)
 o - a +0 trident
Armour
 b - a +2 leather armour
 i - a +0 ring mail
 l - a +0 chain mail (worn)
Jewellery
 g - an amulet of magic regeneration (around neck)
 p - a ring of ice (left hand)
Scrolls
 e - a scroll of summoning {unknown}
 k - 2 scrolls of identify {unknown}
 m - a scroll of enchant weapon {unknown}
 n - 3 scrolls of fear {unknown}
Potions
 d - a potion of resistance
 f - a potion of mutation {unknown}
 h - a potion of magic {unknown}
 j - 3 potions of attraction {unknown}
Miscellaneous
 c - a piece from Xom's chessboard (14/15) (quivered)


   Skills:
 + Level 3.6 Fighting
 + Level 3.7 Long Blades
 + Level 2.3 Armour
 + Level 1.2 Dodging
 + Level 0.1 Stealth


You had 3 spell levels left.
You didn't know any spells.
Your spell library contained the following spells:

 Spells                   Type           Power      Damage    Failure   Level
 Airstrike                Air            0%         N/A       100%        4
 Summon Lightning Spire   Summ/Air       0%         N/A       100%        4
 Lightning Bolt           Conj/Air       0%         1d11      100%        5


Dungeon Overview and Level Annotations

Branches:
Dungeon (3/15)

Altars:
Okawaru

Shops:
D:2 [


Innate Abilities, Weirdness & Mutations

A demonic guardian rushes to your aid.
You regenerate magic rapidly.


Message History

* * * LOW HITPOINT WARNING * * *
You barely miss Robin.
Robin is lightly wounded.
The goblin no longer looks unusually strong.
The goblin hits you with a +0 dagger.
* * * LOW HITPOINT WARNING * * *
A demonic guardian appears!
Robin hits you but does no damage.
You closely miss Robin.
Robin is lightly wounded.
The hobgoblin no longer looks unusually strong.
The goblin hits you but does no damage.
Robin's bangles clink loudly.
Robin hits you with a +0 falchion.
* * * LOW HITPOINT WARNING * * *
Your orange demon barely misses the goblin.
Your orange demon hits the goblin.
The goblin dies!
You hit Robin but do no damage.
Robin is lightly wounded.
Robin blinks!
The goblin no longer looks unusually strong.
Robin barely misses you.
Your orange demon stings Robin but does no damage.
Your orange demon hits Robin.
Robin looks weaker.
You make a move on Xom's chessboard...
The goblin struggles to resist.
The hobgoblin hits you.
* * * LOW HITPOINT WARNING * * *
A demonic guardian appears!
Robin hits you but does no damage.
Your orange demon misses Robin.
Your orange demon hits Robin.
You hit the hobgoblin.
You kill the hobgoblin!
Robin roars a battlecry!
The goblins go into a battle-frenzy!
Your orange demon stings Robin.
Your orange demon hits Robin.
Robin dies!
Your orange demon barely misses the hobgoblin.
You hit the hobgoblin.
The hobgoblin is heavily wounded.
The hobgoblin hits you.
You die...

. ?. .. ####.# #...
########.##########
...................
#######...#########
<#..........gg.g@4#
.#.#.........####)#
## #.#######.# #4#
...gg#..g..#......#
###.g#g....#..#####
#.ggg$_..#..#
#..#g....#..#
#..#.....#..#
##.#######.##


You could see 2 hobgoblins, a goblin (strong) and 2 friendly orange demons.

Vanquished Creatures
  A gnoll (D:1)
  3 dart slugs (D:1)
  6 ball pythons
  6 endoplasms
  5 giant cockroaches
  2 goblins
  7 hobgoblins
  A quokka (D:3)
  4 bats
  4 frilled lizards
  5 kobolds
  4 rats
48 creatures vanquished.

Vanquished Creatures (collateral kills)
  Robin (D:3)
  An endoplasm (D:3)
  A hobgoblin (D:3)
  A goblin (D:3)
  A rat (D:2)
5 creatures vanquished.

Grand Total: 53 creatures vanquished

Notes
Turn   | Place    | Note
-------+----------+-------------------------------------------
     0 | D:1      | GigaChad the Demonspawn Chaos Knight began the quest for
                  | the Orb.
     0 | D:1      | Reached XP level 1. HP: 18/18 MP: 1/1
   236 | D:1      | Gained mutation: You regenerate magic rapidly. [demonic
                  | ancestry]
   236 | D:1      | Reached XP level 2. HP: 24/24 MP: 2/2
   266 | D:1      | XOM: silly message
   398 | D:1      | Reached skill level 1 in Dodging
   502 | D:1      | Gained mutation: A weak demonic guardian rushes to your
                  | aid. [demonic ancestry]
   502 | D:1      | Reached XP level 3. HP: 24/29 MP: 3/3
   757 | D:1      | XOM: silly message
   784 | D:1      | XOM: divination: detect items
   993 | D:1      | XOM: divination: magic mapping
  1081 | D:2      | Found Ujeurank's Armour Emporium.
  1592 | D:3      | Found an iron altar of Okawaru.
  1594 | D:3      | Noticed Robin
  1640 | D:3      | Gained mutation: A demonic guardian rushes to your aid.
                  | [demonic ancestry]
  1640 | D:3      | Reached XP level 4. HP: 11/36 MP: 4/4
  1645 | D:3      | Killed Robin
  1646 | D:3      | Slain by a hobgoblin

Illustrated notes

Levels and vault maps discovered:
D:1:      lemuel_arrival_tunnels, layout_loops_ring,
          shapermc_ecumenical_altar_gd
D:2:      layout_rooms, serial_shops, shop
D:3:      layout_basic, amcnicky_altar_gilded, uniq_robin

Skill      XL: |  1  2 |
---------------+-------+-----
Long Blades    | 3 |  3.7
Armour         | 2 |  2.3
Dodging        | 1 |  1.2
Fighting       | |  3.6
Stealth        | |  0.1

Action                   |  1- 3 |  4- 6 || total
-------------------------+-------+-------++-------
Melee: Falchion          |   121 |     6 ||   127
       Punch             |     1 |       ||     1
Evoke: Piece from Xom's  |       |     1 ||     1
 Stab: Paralysed         |     1 |       ||     1
       Distracted        |     1 |       ||     1
Armor: Leather armour    |    13 |       ||    13
       Ring mail         |    13 |       ||    13
       Chain mail        |    30 |     4 ||    34
Dodge: Dodged            |    88 |     1 ||    89

Table legend: (Time is in decaauts)
 A = Elapsed time spent in this place.
 B = Non-inter-level travel time spent in this place.
 C = Inter-level travel time spent in this place.
 D = Time resting spent in this place.
 E = Time spent auto-exploring this place.
 F = Levels seen in this place.
 G = Mean time per level.
                   A        B        C        D        E       F      G
               +--------+--------+--------+--------+--------+-----+--------+
         Total |   1663 |   1652 |     11 |    344 |    289 |   3 |  554.3 |
       Dungeon |   1663 |   1652 |     11 |    344 |    289 |   3 |  554.3 |
               +--------+--------+--------+--------+--------+-----+--------+

Top non-repeatable levels by time:
     D:1: 1034 daAuts
     D:3: 461 daAuts
     D:2: 167 daAuts
